Description

"This is so stupid"-Terran Players go subscribe to harstem

Replay - A.I. 1 (Very Easy) v Harstem - Acropolis LE

Build Order

Get SALT Encoding   

  12  0:04  Probe  
  13  0:16  Probe  
  13  0:20  Pylon  remember to reaper wall
  14  0:28  Probe (Chrono Boost)  chrono once pylon finishes
  15  0:39  Gateway  
  15  0:40  Probe (Chrono Boost)  
  16  0:48  Probe (Chrono Boost)  
  16  0:49  Assimilator  
  17  0:54  Probe  
  18  1:06  Probe  
  19  1:18  Probe  
  19  1:25  Nexus  
  20  1:33  Cybernetics Core  
  20  1:38  Probe  
  21  1:41  Assimilator  
  21  1:50  Probe  
  21  1:53  Pylon  
  23  2:11  Adept (Chrono Boost)  
  23  2:12  Warp Gate  
  26  2:22  Twilight Council  
  29  2:47  Robotics Facility  
  35  3:09  Dark Shrine  
  35  3:13  Gateway x2  
  37  3:30  Warp Prism (Chrono Boost)  
  41  3:38  Stalker  
  44  3:49  Assimilator  
  44  3:50  Pylon x2  
  46  4:08  Pylon  
  48  4:21  Dark Templar x3  
  56  4:40  Charge  
  56  4:43  Nexus, Forge  
  60  5:03  Gateway x3  
  61  5:10  Sentry  
  61  5:12  Observer (Chrono Boost)  
  66  5:24  Gateway x2  
  100  6:25  Sentry  
Spawning Tool Build Advisor. Get it on Overwolf

Go to:

Details

  • Created by: CrestedPeak9
  • Published on: Nov 13, 2019
  • Modified on: Nov 13, 2019
  • Patch: 4.7.1
Show
View Real Time Build Order
Export as new Build Order

Comments (0)

There are no comments. Be the first!

Create an account to comment!